 Dungeon Crawl Stone Soup version 0.29-a0-323-g050149af67 (webtiles) character file.

Game seed: 16573341346192302489

80 chopper the Covered (level 4, -17/42 HPs)
             Began as a Deep Dwarf Fighter on Apr 12, 2022.
             Blown up by Ijyb (21 damage)
             ... with a mindburst bolt
             ... on level 2 of the Dungeon.
             The game lasted 00:07:31 (1666 turns).

chopper the Covered (Deep Dwarf Fighter)            Turns: 1666, Time: 00:07:33

Health: -17/42     AC:  7    Str: 19    XL:     4   Next: 18%
Magic:  4/4        EV:  9    Int:  9    God:
Gold:   67         SH:  5    Dex: 14    Spells: 3/3 levels left

rFire   . . .      SeeInvis .   o - +5 dagger
rCold   . . .      Faith    .   c - +0 buckler
rNeg    . . .      Spirit   .   b - +0 scale mail
rPois   .          Reflect  .   (no helmet)
rElec   .          Harm     .   (no cloak)
rCorr   .          Rampage  .   (no gloves)
Will    .....                   (no boots)
Stlth   ..........              (no amulet)
HPRegen 0.00/turn               (no ring)
MPRegen 0.09/turn               (no ring)

@: no status effects
A: damage resistance, heal wounds, sense surroundings 1, no regeneration
a: Heal Wounds


You were on level 2 of the Dungeon.
You visited 1 branch of the dungeon, and saw 2 of its levels.

You collected 67 gold pieces.

Inventory:

Hand Weapons
 a - a +0 war axe
 o - a +5 dagger (weapon)
Missiles
 p - 5 javelins
Armour
 b - a +0 scale mail (worn)
 c - a +0 buckler (worn)
Jewellery
 k - a +6 ring of intelligence
Scrolls
 e - a scroll of identify {unknown}
 g - 2 scrolls of noise {unknown}
 h - a scroll of blinking {unknown}
 i - a scroll of teleportation {unknown}
 m - a scroll of vulnerability {unknown}
 n - a scroll of magic mapping {unknown}
Potions
 d - a potion of might
 f - a potion of flight {unknown}
 j - a potion of lignification {unknown}
 l - a potion of curing {unknown}


   Skills:
 + Level 3.1 Fighting
 + Level 3.4 Axes
 + Level 4.1 Armour
 + Level 0.2 Dodging
 + Level 3.6 Shields


You had 3 spell levels left.
You didn't know any spells.
Your spell library was empty.

Dungeon Overview and Level Annotations

Branches:
Dungeon (2/15)

Altars:

Annotations:
D:2 Ijyb


Innate Abilities, Weirdness & Mutations

You are resistant to damage.
You can heal yourself by infusing magical energy.
You passively map a small area around you.
You do not regenerate.


Message History

Ijyb hits you but does no damage. The goblin hits you with a +0 dagger.
The goblin hits you but does no damage. The goblin hits you with a +0 dagger.
* * * LOW HITPOINT WARNING * * *
You hit Ijyb but do no damage.
Ijyb is lightly wounded.
Ijyb hits you but does no damage. The goblin closely misses you.
The goblin barely misses you. x2
Unknown command.
You hit Ijyb but do no damage.
Ijyb is lightly wounded.
You block Ijyb's attack. The goblin hits you but does no damage.
The goblin closely misses you. The goblin hits you but does no damage.
You barely miss Ijyb.
Ijyb is lightly wounded.
Ijyb zaps a wand.
You struggle to resist.
The goblin hits you but does no damage. The goblin barely misses you.
The goblin hits you but does no damage.
You hit Ijyb.
Ijyb is lightly wounded.
Ijyb hits you but does no damage. The goblin barely misses you.
You block the goblin's attack. The goblin hits you but does no damage.
You closely miss Ijyb.
Ijyb is lightly wounded.
Ijyb completely misses you. The goblin hits you with a +0 dagger.
The goblin hits you but does no damage. You block the goblin's attack.
The goblin hits you but does no damage. You block the goblin's attack.
Ijyb hits you but does no damage. The goblin hits you with a +0 dagger.
You hit Ijyb.
Ijyb is lightly wounded.
Ijyb hits you but does no damage. The goblin barely misses you.
The goblin closely misses you. The goblin hits you but does no damage.
You hit Ijyb.
Ijyb is moderately wounded.
Ijyb barely misses you. The goblin hits you but does no damage.
The goblin barely misses you. You block the goblin's attack.
You hit Ijyb.
Ijyb is moderately wounded.
Ijyb zaps a wand.
Your mind is blasted!
Ouch! That really hurt!
You die...

#####.# # #..# ** ######
......# #######... ,
######## 8!8.8.8....(# .
..# .........#..# #* #.#
.........#..#
#.#,.........#..# ######.#
.......g.#..# ....##.#
.....gggg#.>#
###.##.#,8.8.8.8@##..#
#....#########.g...#
####.##.# ####.##
######.##.# ##...#######
## .....)....#
##.....##... , ..
####..#...######.......#.#
* * ##
#.#.#.................##
#.####.###.............# *
#.# #.# #.###.....##..#


You could see Ijyb and 5 goblins.

Vanquished Creatures
  Robin (D:2)
  An adder (D:2)
  2 worms (D:2)
  4 dart slugs
  3 bats
  2 endoplasms (D:2)
  12 goblins (D:2)
  6 hobgoblins
  3 jackals (D:1)
  A ball python (D:1)
  3 frilled lizards
  4 kobolds
  2 rats
44 creatures vanquished.

Notes
Turn   | Place    | Note
-------+----------+-------------------------------------------
     0 | D:1      | chopper the Deep Dwarf Fighter began the quest for the Orb.
     0 | D:1      | Reached XP level 1. HP: 20/20 MP: 1/1
     6 | D:1      | Noticed an iguana
     6 | D:1      | Noticed a black bear
     6 | D:1      | Noticed a rime drake
     7 | D:1      | Noticed a swamp worm
     7 | D:1      | Noticed a black mamba
   195 | D:1      | Reached XP level 2. HP: 27/27 MP: 2/2
   699 | D:1      | Found a faded altar of an unknown god.
   849 | D:2      | Noticed Robin
   858 | D:2      | Reached XP level 3. HP: 27/34 MP: 3/3
   858 | D:2      | Killed Robin
  1255 | D:2      | Reached XP level 4. HP: 23/42 MP: 4/4
  1315 | D:2      | Reached skill level 4 in Armour
  1643 | D:2      | Noticed Ijyb
  1666 | D:2      | Blown up by Ijyb

Illustrated notes

Levels and vault maps discovered:
D:1:      onia_arrival_zoo_common, layout_basic, ebering_ecumenical_altar_ruins
D:2:      kennysheep_the_goblin_king, layout_loops_ring, uniq_robin

Skill      XL: |  1  2  3  4 |
---------------+-------------+-----
Fighting       | 3 |  3.1
Axes           | 3 |  3.4
Armour         | 4 |  4.1
Dodging        | |  0.2
Shields        | |  3.6

Action                   |  1- 3 |  4- 6 || total
-------------------------+-------+-------++-------
Melee: War axe           |    91 |     7 ||    98
       Dagger            |       |    24 ||    24
Armor: Scale mail        |    47 |    32 ||    79
Dodge: Dodged            |    64 |    25 ||    89
Block: Buckler           |    20 |     6 ||    26

Table legend: (Time is in decaauts)
 A = Elapsed time spent in this place.
 B = Non-inter-level travel time spent in this place.
 C = Inter-level travel time spent in this place.
 D = Time resting spent in this place.
 E = Time spent auto-exploring this place.
 F = Levels seen in this place.
 G = Mean time per level.
                   A        B        C        D        E       F      G
               +--------+--------+--------+--------+--------+-----+--------+
         Total |   1705 |   1705 |      0 |    200 |      0 |   2 |  852.5 |
       Dungeon |   1705 |   1705 |      0 |    200 |      0 |   2 |  852.5 |
               +--------+--------+--------+--------+--------+-----+--------+

Top non-repeatable levels by time:
     D:2: 862 daAuts
     D:1: 842 daAuts
